 Dungeon Crawl Stone Soup version 0.20-a0-1122-gb7cbeb9 (webtiles) character file.

1501 salapander the Skirmisher (level 8, 0/46 HPs)
             Began as a Vine Stalker Fighter on May 13, 2017.
             Was an Elder of Uskayaw.
             Slain by a black bear (1 damage)
             ... on level 6 of the Dungeon.
             The game lasted 00:04:16 (4656 turns).

salapander the Skirmisher (Vine Stalker Fighter)    Turns: 4656, Time: 00:04:17

Health: 0/46       AC:  6    Str: 20    XL:     8   Next: 81%
Magic:  0/9        EV:  7    Int:  8    God:    Uskayaw [****..]
Gold:   336        SH:  9    Dex: 15    Spells: 7/7 levels left

rFire    . . .     SeeInvis .   a - +0 long sword
rCold    . . .     Gourm    .   c - +0 shield
rNeg     . . .     Faith    .   b - +0 scale mail
rPois    .         Spirit   +   (no helmet)
rElec    .         Reflect  .   (no cloak)
rCorr    .         Harm     .   (no gloves)
MR       +....                  (no boots)
Stlth    ..........             (no amulet)
Regen    0.6/turn               (no ring)
MPRegen  0.2/turn               (no ring)

@: lethally poisoned (0 -> -2)
A: fangs 3, regeneration 1, magic shield, antimagic bite, no potion heal 3, rot
immunity
a: Stomp, Line Pass, Renounce Religion


You were on level 6 of the Dungeon.
You worshipped Uskayaw.
Uskayaw was noncommittal.
You were hungry.

You visited 2 branches of the dungeon, and saw 7 of its levels.

You collected 336 gold pieces.

Inventory:

Hand Weapons
 a - a +0 long sword (weapon)
Armour
 b - a +0 scale mail (worn)
 c - a +0 shield (worn)
 u - a +0 pair of gloves
 A - a +0 pair of gloves
 B - a +1 hat
Jewellery
 s - a cursed ring of teleportation {unknown}
 t - an uncursed ring of see invisible {unknown}
Wands
 w - a wand of digging (6/24)
 y - a wand of iceblast (3/15)
Scrolls
 e - 4 scrolls of amnesia {unknown}
 g - 8 scrolls of identify {unknown}
 i - a scroll of random uselessness {unknown}
 j - a scroll of recharging {unknown}
 m - a scroll of teleportation {unknown}
 n - a scroll of blinking {unknown}
 o - 3 scrolls of remove curse {unknown}
Potions
 h - 3 potions of heal wounds {unknown}
 k - a potion of agility
 l - a potion of brilliance {unknown}
 p - 3 potions of lignification {unknown}
 q - a potion of magic {unknown}
 r - 2 potions of curing {unknown}
 C - a potion of mutation {unknown}
Books
 v - a book of Minor Magic

   Spells                             Type                      Level
   a - Magic Dart                     Conjuration                  1
   b - Blink                          Translocation                2
   c - Call Imp                       Summoning                    2
   d - Slow                           Hexes                        2
   e - Conjure Flame                  Conjuration/Fire             3
   f - Mephitic Cloud                 Conjuration/Poison/Air       3
Comestibles
 d - 2 fruits
 f - 4 bread rations
 x - a royal jelly


   Skills:
 + Level 7.4 Fighting
 + Level 7.1 Long Blades
 - Level 2.4 Armour
 - Level 2.6 Shields


You had 7 spell levels left.
You didn't know any spells.

Dungeon Overview and Level Annotations

Branches:
Dungeon (6/15)             Temple (1/1) D:4

Altars:
Cheibriados
Dithmenos
Fedhas
Gozag
Hepliaklqana
Makhleb
Qazlal
Sif Muna
Trog
Uskayaw
Vehumet
Wu Jian
Xom
The Shining One
Lugonu


Innate Abilities, Weirdness & Mutations

You have razor-sharp teeth.
Your natural rate of healing is unusually fast.
When hurt, damage is shared between your health and your magic reserves.
Your bite disrupts and absorbs the magic of your enemies.
Potions cannot restore your health.
You are immune to rotting.


Message History

The worker ant zombie bites you.
* * * LOW HITPOINT WARNING * * *
You slash the worker ant zombie!
You destroy the worker ant zombie!
You feel sick. The black bear bites you.
* * * LOW HITPOINT WARNING * * *
You block the black bear's attack. x2; The black bear bites you.
* * * LOW HITPOINT WARNING * * *
The black bear claws you but does no damage. x2
Uskayaw will force your foes to share their pain.
You hit the black bear. Your bite misses the black bear.
The black bear is severely wounded.
You feel sick.
The black bear goes berserk!
You closely miss the black bear.
The black bear is severely wounded.
You feel sick. The black bear bites you!
* * * LOW HITPOINT WARNING * * *
The black bear claws you but does no damage.
The black bear claws you.
You die...

#.....####
#.....#..#####
#.....#......##+###
#.....#.......#....
#.....#.......'....
+.....#..##..##..##
#.†h..#..##..##..##
#.@...#..#...+....#
##'####..#...#....'
#.....#..##..##..##
#.....+..##..##..#
##..<##...#...#...
#....##...# #...
#####....##..##
#...
#....#...##..## #..
#....#........+


You could see a black bear (berserk).

Vanquished Creatures
  Sigmund (D:3)
  A water moccasin (D:6)
  A black bear (D:6)
  A sky beast (D:4)
  2 ogres
  A centaur (D:5)
  A scorpion (D:5)
  2 howler monkeys
  A crimson imp (D:5)
  A bullfrog zombie (D:5)
  4 hounds
  A bullfrog skeleton (D:5)
  A gnoll shaman (D:5)
  A centaur skeleton (D:5)
  Natasha (thrice) (D:2)
  2 worker ants (D:5)
  A hound skeleton (D:4)
  5 gnolls (D:5)
  A worker ant zombie (D:6)
  11 adders
  A shadow imp (D:5)
  2 oozes (D:2)
  2 adder skeletons
  3 worms
  A dart slug (D:1)
  5 leopard geckos
  7 orcs
  2 ball pythons (D:5)
  3 bats
  3 giant cockroaches
  10 goblins
  3 hobgoblins
  12 jackals
  2 quokkas (D:4)
  3 frilled lizards
  6 kobolds
  A leopard gecko skeleton (D:5)
  6 rats
114 creatures vanquished.

Notes
Turn   | Place    | Note
-------+----------+-------------------------------------------
     0 | D:1      | salapander the Vine Stalker Fighter began the quest for the Orb.
     0 | D:1      | Reached XP level 1. HP: 11/11 MP: 2/2
   155 | D:1      | Reached XP level 2. HP: 16/16 MP: 3/3
   767 | D:2      | Noticed Natasha
   775 | D:2      | Killed Natasha
   775 | D:2      | Reached XP level 3. HP: 8/20 MP: 4/4
  1106 | D:2      | Gained mutation: Your natural rate of healing is unusually fast. [Vine Stalker growth]
  1106 | D:2      | Reached XP level 4. HP: 24/24 MP: 5/5
  1205 | D:2      | Noticed Natasha
  1211 | D:2      | Killed Natasha
  1268 | D:2      | Reached XP level 5. HP: 29/29 MP: 6/6
  1478 | D:2      | Noticed Natasha
  1485 | D:2      | Killed Natasha
  1568 | D:2      | Found a shimmering altar of Xom.
  1569 | D:2      | Found a hazy altar of Hepliaklqana.
  1569 | D:2      | Noticed a thorn hunter
  1570 | D:2      | Noticed a spectral ugly thing
  1570 | D:2      | Noticed a thorn hunter
  1589 | D:2      | Found a bloodstained altar of Trog.
  1589 | D:2      | Found a deep blue altar of Sif Muna.
  1653 | D:2      | Found an ornate altar of the Wu Jian Council.
  1850 | D:3      | Noticed Sigmund
  1867 | D:3      | Killed Sigmund
  1867 | D:3      | Reached skill level 5 in Fighting
  1867 | D:3      | Reached XP level 6. HP: 6/35 MP: 5/7
  2235 | D:3      | Found a shadowy altar of Dithmenos.
  2669 | D:4      | Reached XP level 7. HP: 13/39 MP: 4/8
  2815 | D:4      | Reached skill level 5 in Long Blades
  2942 | D:4      | Found a staircase to the Ecumenical Temple.
  2957 | Temple   | Entered the Ecumenical Temple
  2970 | Temple   | Became a worshipper of Uskayaw the Reveler
  3024 | D:4      | Reached * piety under Uskayaw
  3063 | D:4      | Reached ** piety under Uskayaw
  3081 | D:4      | Reached *** piety under Uskayaw
  3183 | D:4      | Found a blossoming altar of Fedhas.
  3287 | D:5      | Entered Level 5 of the Dungeon
  3467 | D:5      | Gained mutation: You have razor-sharp teeth. [Vine Stalker growth]
  3467 | D:5      | Reached XP level 8. HP: 39/44 MP: 9/9
  4094 | D:5      | Reached **** piety under Uskayaw
  4217 | D:5      | Found a snail-covered altar of Cheibriados.
  4656 | D:6      | HP: 1/46 [black bear (3)]
  4656 | D:6      | Slain by a black bear

Vault maps used:
D:1:      minmay_arrival_plants_in_alcoves
D:2:      cheibrodos_greedy_goblins, regret_index_temple_of_mockery,
          gammafunk_temple_overflow_wave, lemuel_crystal_altar, first_bread,
          minmay_misc_feat_columns, uniq_natasha
D:3:      nicolae_dithmenos_through_a_glass_darkly, kennysheep_generic_room_8,
          uniq_sigmund
D:4:      cheibrodos_old_hovel, fedhas_altar_4, minmay_temple_entry_overgrown,
          minmay_crystal_room
D:5:      lemuel_round_altar, dk_noncrumbling_3, serial_bayou_pond_c
D:6:      kennysheep_mini
Temple:   corrupted_temple

Skill      XL: |  1  2  3  4  5  6  7  8 |
---------------+-------------------------+-----
Long Blades    | 2 3 4 5 7 |  7.1
Fighting       | 3 4 5 6 7 |  7.4
Armour         | |  2.4
Shields        | |  2.6

Action                   |  1- 3 |  4- 6 |  7- 9 || total
-------------------------+-------+-------+-------++-------
Melee: Long sword        |    56 |   162 |   171 ||   389
       Bite              |    16 |    41 |    63 ||   120
  Use: Potion            |     1 |     1 |       ||     2
 Stab: Paralysed         |       |       |     3 ||     3
  Eat: Chunk             |       |     6 |     6 ||    12
Armor: Scale mail        |    28 |    86 |    82 ||   196
Dodge: Dodged            |    21 |    42 |    63 ||   126
Block: Shield            |    37 |    64 |    84 ||   185
       Rpst.: Long sword |     7 |    19 |    16 ||    42
